 Dungeon Crawl Stone Soup version 0.17-a0-1430-g49fde19 (webtiles) character file.

214 Fluffy the Agent of Entropy (level 5, -13/41 HPs)
             Began as a Demonspawn Abyssal Knight on June 25, 2015.
             Was a Priest of Lugonu.
             Mangled by Crazy Yiuf
             ... wielding a +4 quarterstaff of chaos
              (20 damage)
             ... on level 3 of the Dungeon.
             The game lasted 00:06:01 (3547 turns).

Fluffy the Agent of Entropy (DsAK)                  Turns: 3547, Time: 00:06:03

Health: -13/41     AC:  7    Str: 14    XL:     5   Next: 60%
Magic:  5/9        EV: 12    Int: 13    God:    Lugonu [***...]
Gold:   172        SH:  0    Dex: 12    Spells: 0 memorised, 4 levels left

rFire  . . .     SeeInvis .     a - +1 falchion
rCold  . . .     Clarity  .     v - +0 ring mail
rNeg   . . .     SustAt   .     (no shield)
rPois  .         Gourm    .     o - +0 helmet
rElec  .         Spirit   .     (no cloak)
rCorr  .         Warding  .     (no gloves)
rMut   .         Stasis   .     i - +0 pair of boots
MR     .....                    (no amulet)
Stlth  ++........               (no ring)
                                (no ring)

@: very slightly contaminated, invisible, not resistant to hostile enchantments,
unstealthy
A: repulsion field 1, nightstalker 1
a: Depart the Abyss, Bend Space, Banish, Renounce Religion


You were on level 3 of the Dungeon.
You worshipped Lugonu.
Lugonu was most pleased with you.
You were not hungry.

You visited 1 branch of the dungeon, and saw 3 of its levels.
You visited the Abyss 1 time.

You collected 172 gold pieces.

Inventory:

Hand weapons
 a - a +1 falchion (weapon)
Armour
 i - a +0 pair of boots (worn)
 o - a +0 helmet (worn)
 v - a +0 ring mail (worn)
Scrolls
 b - a scroll of teleportation {unknown}
 d - 5 scrolls of identify {unknown}
 e - 3 scrolls of enchant armour {unknown}
 g - 3 scrolls of remove curse {unknown}
 h - a scroll of amnesia {unknown}
 j - a scroll of magic mapping {unknown}
 l - a scroll of recharging {unknown}
Potions
 f - 3 potions of curing
 m - 2 potions of cancellation {unknown}
 n - a potion of agility {unknown}
 r - a potion of haste {unknown}
 t - a potion of brilliance {unknown}
 u - a potion of lignification {unknown}
Comestibles
 c - 3 bread rations
 k - 2 meat rations
 q - 4 fruits
 s - a royal jelly


   Skills:
 - Level 3.0 Fighting
 + Level 4.0 Long Blades
 - Level 1.7 Armour
 - Level 0.8 Dodging
 + Level 5.5 Invocations


You had 4 spell levels left.
You didn't know any spells.

Dungeon Overview and Level Annotations

Branches:
Dungeon (3/15)

Altars:
Nemelex Xobeh

Annotations:
D:3 Crazy Yiuf, Natasha


Innate Abilities, Weirdness & Mutations

You are surrounded by a mild repulsion field (EV +2).
You are slightly more attuned to the shadows.


Message History

You feel sick.
Crazy Yiuf yells, "Cod chair forty-two!"
Crazy Yiuf hits you with a quarterstaff of chaos!
* * * LOW HITPOINT WARNING * * *
You feel your power leaking away.
Drink which item? (? for menu, Esc to quit)
It was a potion of curing.
You feel better. Crazy Yiuf barely misses you.
You hit Crazy Yiuf.
Crazy Yiuf is heavily wounded.
Crazy Yiuf barely misses you.
You catch the helpless Crazy Yiuf completely off-guard!
You hit Crazy Yiuf.
Crazy Yiuf is severely wounded.
You hit Crazy Yiuf.
Crazy Yiuf is severely wounded.
Crazy Yiuf twirls on the spot.
Crazy Yiuf hits you with a quarterstaff of chaos.
* * * LOW HITPOINT WARNING * * *
You are electrocuted!
You die...

####.####......#
...........###
####.........#
........######
####....# #.####
#.#####♣♣ ###
#.......♣♣ ♣♣#..)#
#.#......♣♣♣♣@g...#
#.##......♣..♣#...#
#.###....♣.♣♣♣ ###
#.# ###♣♣♣♣♣ #.. ##


You could see Crazy Yiuf.

Vanquished Creatures
  Jessica (D:2)
  Natasha (D:3)
  A worker ant (D:2)
  A worker ant zombie (D:3)
  5 adders (D:2)
  A gnoll (D:1)
  An ooze (D:2)
  2 giant geckos
  3 orcs (D:3)
  9 bats
  11 goblins
  5 hobgoblins
  9 jackals
  3 quokkas
  3 giant cockroaches
  2 giant newts
  6 kobolds
  5 rats
69 creatures vanquished.

Notes
Turn   | Place    | Note
--------------------------------------------------------------
     0 | Abyss:1  | Fluffy the Demonspawn Abyssal Knight began the quest for the Orb.
     0 | Abyss:1  | Reached XP level 1. HP: 18/18 MP: 2/2
    20 | D:1      | Escaped the Abyss
   188 | D:1      | Gained mutation: You are surrounded by a mild repulsion field (EV +2). [demonic ancestry]
   188 | D:1      | Reached XP level 2. HP: 22/24 MP: 4/4
   432 | D:1      | Acquired Lugonu's second power
   907 | D:1      | Gained mutation: You are slightly more attuned to the shadows. [demonic ancestry]
   907 | D:1      | Reached XP level 3. HP: 29/29 MP: 5/5
  1459 | D:2      | Noticed Jessica
  1485 | D:2      | Killed Jessica
  1485 | D:2      | Reached skill level 4 in Invocations
  1485 | D:2      | Reached XP level 4. HP: 6/35 MP: 5/7
  2572 | D:2      | Reached skill level 5 in Invocations
  2572 | D:2      | Reached XP level 5. HP: 21/41 MP: 8/8
  3084 | D:3      | Found a sparkling altar of Nemelex Xobeh.
  3259 | D:3      | Noticed Natasha
  3269 | D:3      | Acquired Lugonu's third power
  3302 | D:3      | Killed Natasha
  3466 | D:3      | Noticed Natasha
  3534 | D:3      | Noticed Crazy Yiuf
  3547 | D:3      | Mangled by Crazy Yiuf

Vault maps used:
D:1:      dpeg_arrival_snail
D:2:      uniq_jessica
D:3:      old_standard_altar, uniq_crazy_yiuf_cottage, uniq_natasha

Action                   |  1- 3 |  4- 6 || total
-------------------------+-------+-------++-------
Melee: Falchion          |   117 |   189 ||   306
  Use: Potion            |     1 |     1 ||     2
 Stab: Sleeping          |     1 |     4 ||     5
       Distracted        |       |     2 ||     2
       Invisible         |       |     1 ||     1
  Eat: Chunk             |     2 |     7 ||     9
